 Dungeon Crawl Stone Soup version 0.23-a0-512-g50a8178 (webtiles) character file.

310 zishaf the Changer (level 6, 0/32 HPs)
             Began as a Vine Stalker Transmuter on Dec 4, 2018.
             Killed from afar by an orc wizard (6 damage)
             ... with a magic dart
             ... on level 4 of the Dungeon.
             The game lasted 00:07:25 (2567 turns).

zishaf the Changer (Vine Stalker Transmuter)        Turns: 2567, Time: 00:07:26

Health: 0/32       AC:  8    Str: 13    XL:     6   Next: 41%
Magic:  0/10       EV: 12    Int: 14    God:
Gold:   69         SH:  0    Dex: 17    Spells: 6/9 levels left

rFire    . . .     SeeInvis .   p - +4 trident
rCold    . . .     Gourm    .   (no shield)
rNeg     . . .     Faith    .   g - +3 ring mail
rPois    +         Spirit   +   (no helmet)
rElec    .         Reflect  .   (no cloak)
rCorr    .         Harm     .   (no gloves)
MR       .....                  (no boots)
Stlth    +.........             o - amulet of regeneration
HPRegen  0.90/turn              k - ring of poison resistance
MPRegen  0.12/turn              m - +2 ring of dexterity

@: no status effects
A: fangs 2, regeneration 1, magic shield, antimagic bite, no potion heal 3, rot
immunity
a: no special abilities


You were on level 4 of the Dungeon.
You were not hungry.

You visited 1 branch of the dungeon, and saw 4 of its levels.

You collected 69 gold pieces.

Inventory:

Hand Weapons
 p - a +4 trident (weapon)
Missiles
 a - 73 arrows
Armour
 b - a +0 robe
 c - a +0 leather armour
 g - a +3 ring mail (worn)
Jewellery
 k - a ring of poison resistance (left hand)
 m - a +2 ring of dexterity (right hand)
 o - an amulet of regeneration (around neck)
Wands
 r - a wand of enslavement (11)
Scrolls
 h - 4 scrolls of remove curse
 n - a scroll of blinking
 s - a scroll of magic mapping {unknown}
 t - a scroll of random uselessness {unknown}
Potions
 e - a potion of heal wounds {unknown}
 i - a potion of curing {unknown}
 j - a potion of magic {unknown}
 l - a potion of might {unknown}
 q - a potion of flight {unknown}
Comestibles
 d - 9 rations
 f - a chunk of flesh


   Skills:
 + Level 3.1 Fighting
 + Level 1.8 Armour
 - Level 3.0 Dodging
 - Level 3.0 Unarmed Combat
 - Level 2.1 Spellcasting
 + Level 3.8 Transmutations


You had 6 spell levels left.
You knew the following spells:

 Your Spells              Type           Power        Failure   Level  Hunger
a - Beastly Appendage     Tmut           ##....       10%         1    #......
b - Sticks to Snakes      Tmut           ##......     16%         2    ###....

Your spell library contained the following spells:

 Spells                   Type           Power        Failure   Level  Hunger
 Spider Form              Tmut/Pois      #.........   56%         3    ###....
 Ice Form                 Ice/Tmut       #.......     92%         4    #####..
 Blade Hands              Tmut           ##........   95%         5    ######.


Dungeon Overview and Level Annotations

Branches:
Dungeon (4/15)
 Temple: D:4-7

Altars:
Cheibriados
Dithmenos
Qazlal
Uskayaw
Zin


Innate Abilities, Weirdness & Mutations

You have extremely sharp teeth.
Your natural rate of healing is unusually fast.
When hurt, damage is shared between your health and your magic reserves.
Your bite disrupts and absorbs the magic of your enemies.
Potions cannot restore your health.
You are immune to rotting.


Message History

The orc hits you but does no damage.
An orc comes into view. It is wielding a +0 whip.
The orc hits you but does no damage.
The orc wizard hits you but does no damage.
The orc hits you but does no damage. The orc closely misses you.
The orc wizard hits you with a +0 dagger.
* * * LOW HITPOINT WARNING * * *
The orc wizard hits you but does no damage.
The orc hits you but does no damage.
The orc wizard hits you with a +0 dagger.
* * * LOW HITPOINT WARNING * * *
The orc wizard points at you and mumbles some strange words.
The puff of flame hits you!
* * * LOW HITPOINT WARNING * * *
The orc wizard barely misses you.
The orc wizard casts a cantrip, but nothing happens.
The orc wizard gestures at you while chanting.
The magic dart hits you!
You die...

...........o..o..##.#
#.#.#[#
########...o.oo..##)#
#......
#######o####.#
#...#.# #o#
#.######.##.# #o#
#...........# #.#
########.#### #o# #.#
#.# #######.# #@#
#.......# #.#
#.#####.# #.# #.# ###
#.# #.# #.#####.#
#.......# #######.#
###


You could see an orc priest, 2 orc wizards and 3 orcs.

Vanquished Creatures
  An ogre (D:4)
  2 orc priests
  7 adders
  2 oozes
  A worm (D:2)
  5 dart slugs (D:1)
  2 leopard geckos
  4 orcs (D:3)
  2 ball pythons
  4 giant cockroaches
  5 goblins
  10 hobgoblins
  10 jackals
  7 kobolds
  A quokka (D:4)
  5 bats
  7 frilled lizards
  3 rats
78 creatures vanquished.

Notes
Turn   | Place    | Note
-------+----------+-------------------------------------------
     0 | D:1      | zishaf the Vine Stalker Transmuter began the quest for the
                  | Orb.
     0 | D:1      | Reached XP level 1. HP: 9/9 MP: 4/4
     3 | D:1      | Reached skill level 1 in Fighting
   131 | D:1      | Reached XP level 2. HP: 8/14 MP: 6/6
   545 | D:1      | Reached XP level 3. HP: 15/18 MP: 7/7
   570 | D:1      | Learned a level 2 spell: Sticks to Snakes
  1576 | D:2      | Gained mutation: Your natural rate of healing is unusually
                  | fast. [Vine Stalker growth]
  1576 | D:2      | Reached XP level 4. HP: 23/23 MP: 8/8
  1702 | D:2      | Found a snail-covered altar of Cheibriados.
  1970 | D:3      | Reached XP level 5. HP: 27/27 MP: 9/9
  2239 | D:3      | Reached skill level 1 in Armour
  2266 | D:3      | Found a glowing silver altar of Zin.
  2266 | D:3      | Found a hide-covered altar of Uskayaw.
  2266 | D:3      | Found a shadowy altar of Dithmenos.
  2300 | D:3      | Found a stormy altar of Qazlal.
  2463 | D:4      | Noticed an ogre
  2475 | D:4      | Killed an ogre
  2475 | D:4      | Reached XP level 6. HP: 13/32 MP: 6/10
  2561 | D:4      | HP: 1/32 [orc wizard/puff of flame (7)]
  2567 | D:4      | Killed from afar by an orc wizard

Vault maps used:
D:1:      minmay_arrival_four_loops, minmay_tetromino_o4
D:2:      lemuel_crystal_altar, first_ration, minmay_lizard_king
D:3:      nicolae_qazlal_general_emergency,
          chequers_temple_overflow_statue_of_worship
D:4:      lightli_temple_of_fire, serial_shops, shop, minivault_25,
          kennysheep_generic_room_10, uniq_menkaure

Skill      XL: |  1  2  3  4  5 |
---------------+----------------+-----
Fighting       | 1 2 3 |  3.1
Dodging        | 2 3 |  3.0
Transmutations | 3 |  3.8
Armour         | 1 |  1.8
Unarmed Combat | |  3.0
Spellcasting   | |  2.1

Action                   |  1- 3 |  4- 6 || total
-------------------------+-------+-------++-------
Melee: Unarmed           |   139 |     8 ||   147
       Bite              |    38 |    29 ||    67
       Punch             |     4 |     2 ||     6
       Trident           |       |   115 ||   115
  Use: Scroll            |       |     2 ||     2
  Eat: Chunk             |     2 |     4 ||     6
Armor: Leather armour    |     5 |       ||     5
       Ring mail         |    45 |    87 ||   132
Dodge: Dodged            |    76 |   120 ||   196

Table legend:
 A = Non-vault XP
 B = Vault XP
 C = Vault XP percentage of total XP
 D = Non-vault monster count
 E = Vault monster count
 F = Vault count percentage of total count
                 A         B        C        D         E       F
            +---------+---------+-------+---------+---------+-------
      Total |     420 |      24 |   5.4 |      67 |      11 |  14.1
            +---------+---------+-------+---------+---------+-------
        D:1 |      40 |      15 |  27.3 |      18 |       4 |  18.2
        D:2 |      78 |       9 |  10.3 |      16 |       7 |  30.4
        D:3 |     140 |       0 |   0.0 |      30 |       0 |   0.0
        D:4 |     162 |       0 |   0.0 |       3 |       0 |   0.0
            +---------+---------+-------+---------+---------+-------
